 Dungeon Crawl Stone Soup version 0.19-a0-1821-g42c593c (webtiles) character file.

72 Amnesiac the Cudgeler (level 4, 0/48 HPs)
             Began as an Ogre Abyssal Knight on Oct 6, 2016.
             Was a Believer of Lugonu.
             Slain by an adder (1 damage)
             ... on level 2 of the Dungeon.
             The game lasted 00:01:59 (1311 turns).

Amnesiac the Cudgeler (Ogre Abyssal Knight)         Turns: 1311, Time: 00:02:00

Health: 0/48       AC:  3    Str: 17    XL:     4   Next: 26%
Magic:  4/5        EV: 10    Int: 16    God:    Lugonu [**....]
Gold:   116        SH:  0    Dex: 10    Spells: 0 memorised, 3 levels left

rFire  . . .     SeeInvis .     p - +0 morningstar
rCold  . . .     Gourm    .     b - +0 robe
rNeg   . . .     Faith    .     (no shield)
rPois  .         Spirit   .     (helmet restricted)
rElec  .         Dismiss  .     (no cloak)
rCorr  +         Reflect  .     (gloves unavailable)
MR     .....     Harm     .     (boots unavailable)
Stlth  +.........               (no amulet)
                                (no ring)
                                q - ring of resist corrosion

@: brilliant, lethally poisoned (0 -> -12)
A: unfitting armour, tough skin 1
a: Depart the Abyss, Bend Space, Renounce Religion


You were on level 2 of the Dungeon.
You worshipped Lugonu.
Lugonu was pleased with you.
You were hungry.

You visited 1 branch of the dungeon, and saw 2 of its levels.
You visited the Abyss 1 time.

You collected 116 gold pieces.

Inventory:

Hand Weapons
 p - a +0 morningstar (weapon)
Armour
 b - a +0 robe (worn)
Jewellery
 q - a ring of resist corrosion (left hand)
Scrolls
 a - a scroll of identify {unknown}
 f - a scroll of enchant armour {unknown}
 g - 2 scrolls of remove curse {unknown}
 i - a scroll of noise {unknown}
 j - a scroll of teleportation {unknown}
 l - a scroll of amnesia {unknown}
Potions
 e - a potion of resistance {unknown}
 h - a potion of mutation {unknown}
 k - a potion of heal wounds {unknown}
Comestibles
 c - a bread ration
 m - 2 meat rations
 n - 2 fruits
 o - 5 chunks of flesh


   Skills:
 - Level 4.0 Fighting
 + Level 5.8 Maces & Flails
 - Level 2.1 Dodging
 - Level 2.0 Invocations


You had 3 spell levels left.
You didn't know any spells.

Dungeon Overview and Level Annotations

Branches:
Dungeon (2/15)

Altars:
Vehumet


Innate Abilities, Weirdness & Mutations

You are too large for most types of armour.
You have tough skin. (AC +1)


Message History

The adder is moderately wounded.
You feel sick. The adder completely misses you. The adder bites you.
* * * LOW HITPOINT WARNING * * *
You miss the adder.
The adder is moderately wounded.
You are feeling hungry.
* * * LOW HITPOINT WARNING * * *
You feel sick. The adder bites you.
* * * LOW HITPOINT WARNING * * *
You are more poisoned.
The adder poisons you! Space bends around you!
You blink.
* * * LOW HITPOINT WARNING * * *
x2 You feel sick.
Unknown command.
It was a potion of brilliance.
You feel clever all of a sudden.
* * * LOW HITPOINT WARNING * * *
You feel sick. The adder closely misses you. The adder bites you.
You die...

........#.............#...#..#
.....##...........##.###.###...
..................##..#...#...#
.....#............##.........##
.>...#............##.###......
..............##...#.# #...#..#
....##..##...####...# ...#####
#............)........ ...#
#.#.#####....S@..#.... . #.
.................
.#..?......##.##. #........##
.# #.......## . .........#
..#....#.. ....######


You could see an adder.

Vanquished Creatures
  A gnoll (D:1)
  2 adders (D:2)
  A worm (D:2)
  A dart slug (D:2)
  3 giant cockroaches
  6 goblins
  2 hobgoblins (D:1)
  7 jackals (D:1)
  6 bats
  2 frilled lizards (D:1)
  2 kobolds
  6 rats
39 creatures vanquished.

Notes
Turn   | Place    | Note
-------+----------+-------------------------------------------
     0 | Abyss:1  | Amnesiac the Ogre Abyssal Knight began the quest for the Orb.
     0 | Abyss:1  | Reached XP level 1. HP: 24/24 MP: 2/2
     0 | Abyss:1  | Found a corrupted altar of Lugonu.
    14 | Abyss:1  | Found a shimmering altar of Xom.
    46 | Abyss:2  | Noticed a ynoxinul
    57 | Abyss:2  | Noticed a thrashing horror
    60 | D:1      | Escaped the Abyss
   105 | D:1      | Reached skill level 3 in Maces & Flails
   283 | D:1      | Reached * piety under Lugonu
   283 | D:1      | Reached XP level 2. HP: 31/32 MP: 3/3
   453 | D:1      | Reached skill level 4 in Maces & Flails
   573 | D:1      | Reached XP level 3. HP: 38/39 MP: 4/4
  1058 | D:1      | Reached skill level 5 in Maces & Flails
  1093 | D:2      | Found a radiant altar of Vehumet.
  1124 | D:2      | Reached XP level 4. HP: 33/48 MP: 5/5
  1280 | D:2      | Reached ** piety under Lugonu
  1310 | D:2      | HP: 2/48 [poisoned by an adder]
  1311 | D:2      | Slain by an adder

Vault maps used:
D:1:      dpeg_arrival_round_a, serial_co_window_serial, co_window_paths_a,
          co_window_paths_a, co_window_paths_b, co_window_paths_b,
          co_window_corner_a, co_window_paths_a, co_window_of_opportunity_c,
          co_window_paths_c, co_window_broadway_c, co_window_4corner_a,
          glass_columns_b, glass_columns_c, glass_columns_a, glass_columns_c,
          glass_columns_a, minivault_27
D:2:      lemuel_round_altar, vehumet_crystals, ecumenical_altar_2,
          nicolae_gozag_seed_capital
Abyss:1:  minivault_24

Skill      XL: |  1  2  3 |
---------------+----------+-----
Maces & Flails | 3 4 5 |  5.8
Fighting       | |  4.0
Dodging        | |  2.1
Invocations    | |  2.0

Action                   |  1- 3 |  4- 6 || total
-------------------------+-------+-------++-------
Melee: Mace              |    85 |       ||    85
       Morningstar       |     4 |    41 ||    45
Invok: Depart the Abyss  |     1 |       ||     1
       Bend Space        |       |     1 ||     1
  Use: Potion            |       |     1 ||     1
 Stab: Sleeping          |     2 |       ||     2
  Eat: Chunk             |     1 |       ||     1
Armor: Robe              |    36 |    21 ||    57
Dodge: Dodged            |    73 |    20 ||    93
